 Dungeon Crawl Stone Soup version 0.31-a0-1027-gfb7600b534 (webtiles) character file.

Game seed: 12091706133678289417

217924 Jannitor the Polluter (level 19, -11/136 HPs)
             Began as a Formicid Delver on Nov 18, 2023.
             Was the Champion of Hepliaklqana.
             Killed from afar by a salamander mystic (18 damage)
             ... with a lance of force
             ... on level 4 of the Snake Pit.
             The game lasted 01:27:57 (34904 turns).

Jannitor the Polluter (Formicid Delver)            Turns: 34904, Time: 01:27:57

Health: -11/136    AC: 25    Str: 20    XL:     19   Next: 84%
Magic:  17/34      EV: 16    Int: 13    God:    Hepliaklqana [******]
Gold:   1526       SH: 22    Dex: 19    Spells: 25/40 levels left

rFire   + . .        t - +5 Lochaber axe {reach-cleave, Poleaxe Drain}
rCold   x . .        v - +2 tower shield {rF+}
rNeg    . . .        x - +2 swamp dragon scales
rPois   +            (helmet unavailable)
rElec   .            m - +1 cloak {Will+}
rCorr   .            V - +1 pair of gloves {hurl}
SInv    +            k - +2 pair of boots
Will    ++...        w - amulet of regeneration
Stlth   ++           Q - ring of fire
HPRegen 1.22/turn    E - +4 ring of protection
MPRegen 0.24/turn

%: no passive effects
@: lethally poisoned (-11 -> -13), contaminated, glowing
A: reduced essence, permanent stasis, dig shafts and tunnels, antennae 3, four
strong arms, claws 1, talons 1, agile 1, heat vulnerability 1
}: 1/15 runes: decaying
a: Dig, Shaft Self, Renounce Religion, Recall Ancestor, Ancestor Identity,
Transference, Idealise


You were on level 4 of the Snake Pit.
You worshipped Hepliaklqana.
Hepliaklqana was exalted by your worship.
You visited 5 branches of the dungeon, and saw 30 of its levels.
You also visited: Ice Cave and Volcano.

You collected 3429 gold pieces.
You spent 1903 gold pieces at shops.

Inventory:

Hand Weapons
 t - the +5 Lochaber axe (weapon) {reach-cleave, Poleaxe Drain}
   (You bought it in a shop on level 2 of the Orcish Mines)

   Poleaxe:   It uses either Axes or Polearms skill, whichever is higher.
   Drain:     It drains your maximum health when unequipped.
Missiles
 G - a throwing net
Armour
 k - a +2 pair of boots (worn)
 m - a +1 cloak of willpower (worn)
 v - a +2 tower shield of fire resistance (worn)
 x - +2 swamp dragon scales (worn)
 V - a +1 pair of gloves of hurling (worn)
 X - a +2 kite shield of reflection
Jewellery
 u - a +5 ring of evasion
 w - an amulet of regeneration (around neck)
 D - a ring of ice
 E - a +4 ring of protection (right hand)
 I - a ring of willpower
 K - a ring of flight
 O - an amulet of guardian spirit
 P - a ring of positive energy
 Q - a ring of fire (left hand)
Wands
 f - a wand of digging (27)
 i - a wand of polymorph (2)
 q - a wand of acid (4)
 s - a wand of paralysis (4)
 y - a wand of flame (69)
 z - a wand of mindburst (28)
 J - a wand of roots (12)
Scrolls
 b - 10 scrolls of identify
 c - 9 scrolls of fog
 g - 6 scrolls of enchant weapon
 j - 2 scrolls of torment
 n - 3 scrolls of amnesia
 A - 4 scrolls of immolation
 C - 3 scrolls of vulnerability
 L - 4 scrolls of poison
 N - 4 scrolls of noise
 T - 4 scrolls of fear
 Z - 2 scrolls of silence
Potions
 a - 6 potions of lignification
 d - 5 potions of attraction
 e - 3 potions of might
 h - a potion of berserk rage {unknown}
 l - 4 potions of cancellation
 p - 3 potions of magic
 r - 3 potions of heal wounds
 B - 2 potions of brilliance
 F - 3 potions of mutation
 H - 5 potions of resistance
 M - 4 potions of enlightenment
 R - 7 potions of curing
 S - 5 potions of invisibility


   Skills:
 + Level 14.0 Fighting
 + Level 12.6 Polearms
 - Level 13.0 Armour
 - Level 11.3 Dodging
 - Level 7.8 Stealth
 * Level 15.5 Shields
 + Level 11.0 Spellcasting
 + Level 10.6 Transmutations
 - Level 4.7 Fire Magic
 - Level 1.7 Air Magic
 + Level 15.6 Poison Magic
 + Level 10.4 Invocations
 - Level 2.3 Evocations


You had 25 spell levels left.
You knew the following spells:

 Your Spells              Type           Power      Damage    Failure   Level
a - Poisonous Vapours     Pois/Air       58%        N/A       1%          2
b - Ignite Poison         Fire/Tmut/Pois 50%        N/A       1%          3
c - Eringya's Noxious Bo  Tmut/Pois      20%        4d6       28%         6
d - Olgreb's Toxic Radia  Pois           47%        N/A       1%          4

Your spell library contained the following spells:

 Spells                   Type           Power      Damage    Failure   Level
 Sting                    Tmut/Pois      100%       1d8       1%          1
 Cigotuvi's Dreadful Rot  Necr/Pois/Air  44%        N/A       5%          2
 Mephitic Cloud           Conj/Pois/Air  22%        N/A       11%         3
 Freeze                   Ice            28%        1d5       36%         1
 Magic Dart               Conj           28%        1d4       36%         1
 Call Imp                 Summ           14%        N/A       52%         2
 Ensorcelled Hibernation  Hex/Ice        14%        N/A       52%         2
 Jinxbite                 Hex            14%        N/A       52%         2
 Dazzling Flash           Conj/Hex       14%        N/A       75%         3
 Frozen Ramparts          Ice            14%        1d3       75%         3
 Gell's Gravitas          Tloc           7%         N/A       75%         3
 Hailstorm                Conj/Ice       7%         3d4       75%         3
 Teleport Other           Tloc           7%         N/A       75%         3
 Summon Lightning Spire   Summ/Air       9%         N/A       95%         4
 Anguish                  Hex/Necr       3%         N/A       98%         4
 Animate Armour           Summ/Erth      14%        N/A       98%         4
 Animate Dead             Necr           7%         N/A       98%         4
 Agony                    Necr           7%         N/A       100%        5
 Arcjolt                  Conj/Air       4%         1d14      100%        5
 Borgnjor's Vile Clutch   Necr/Erth      3%         N/A       100%        5
 Freezing Cloud           Conj/Ice/Air   4%         6-21      100%        5
 Lee's Rapid Deconstruct  Erth           3%         3d5*      100%        5
 Silence                  Hex/Air        4%         N/A       100%        5
 Summon Forest            Summ/Tloc      3%         N/A       100%        5
 Death Channel            Necr           3%         N/A       100%        6
 Dispersal                Tloc           3%         N/A       100%        6
 Summon Hydra             Summ           3%         N/A       100%        7
 Maxwell's Capacitive Co  Air            5%         ∞         100%        8
 Chain Lightning          Conj/Air       4%         3d6       100%        9
 Fire Storm               Conj/Fire      10%        8d3       100%        9
 Shatter                  Erth           3%         3d7*      100%        9
 Vhi's Electric Charge    Tloc/Air       Unusable   N/A       N/A         4

Dungeon Overview and Level Annotations

Branches:
Dungeon (15/15)            Temple (0/1) D:7            Lair (5/5) D:10
  Swamp (4/4) Lair:2        Snake (4/4) Lair:3        Slime (0/5) Lair:4
    Orc (2/2) D:12            Elf (0/3) Orc:2        Vaults (0/5) D:14
 Depths (0/4) D:15          IceCv (visited)         Volcano (visited)

Altars:
Dithmenos
Fedhas
Hepliaklqana
Makhleb
Nemelex Xobeh
Okawaru
Ru
Sif Muna
Trog
Uskayaw
Vehumet
Yredelemnul
Zin
Jiyva

Shops:
D:9 (   Orc:2 *[:(   Snake:3 [(*=

Annotations:
D:3 exclusion: water moccasin
D:10 1 runed translucent door
Snake:4 1 runed translucent door, Lanyett's ghost, adept OpSh
Orc:1 2 transporters


Innate Abilities, Weirdness & Mutations

Your life essence is reduced to manifest your ancestor. (-10% HP)
You cannot be hasted, slowed, berserked, paralysed or teleported.
You can dig through walls and to a lower floor.
You have a pair of large antennae on your head. (SInv)
Your four strong arms can wield two-handed weapons with a shield.
You have sharp fingernails.
You have sharp toenails.
You are agile. (Dex +4, Str/Int -1)
You are vulnerable to heat. (rF-)


Message History

The salamander mystic looks as sick as possible!
The salamander mystic points at you and mumbles some strange words.
The lance of force hits you!!
You are knocked back by the lance of force.
You slam into the stone wall!
The nagaraja gestures at you while chanting.
The poison arrow misses Wieske.
The poison arrow hits the naga!!
The naga partially resists.
The naga looks as sick as possible!
The naga dies!
The naga mage festers in the toxic bog.
The naga mage looks as sick as possible!
You kill the naga mage!
The salamander mystic festers in the toxic bog!
The salamander mystic looks as sick as possible!
You kill the salamander mystic!
Wieske closely misses the nagaraja.
You are too injured to fight recklessly!
Unknown command.
You are too injured to fight recklessly!
Unknown command.
Reach: t) +5 Lochaber axe {reach-cleave, Poleaxe Drain}
Press: ? - help, Dir - move target, f - salamander mystic
Aim: a salamander mystic, wielding a +0 dagger and wearing a +0 robe (heavily wounded, fast, extremely poisoned, about 22% to evade the +5 Lochaber axe)
You slice the salamander mystic!!
The salamander mystic is severely wounded.
Your noxious spew wanes.
You feel very sick.
The salamander mystic casts a spell at you.
The lance of force hits you!!
* * * LOW HITPOINT WARNING * * *
You are knocked back by the lance of force.
You slam into the stone wall!
* * * LOW HITPOINT WARNING * * *
The nagaraja hits Wieske with a +0 spear!!
The salamander mystic gestures at you while chanting.
You block the lance of force.
Wieske barely misses the nagaraja.
The nagaraja hits Wieske with a +0 spear!!
The salamander mystic gestures at you while chanting.
The lance of force hits you!!
You die...

#....).###### #..)÷).#
#...)..# #...#..#
#......# #..)...######
............#####
...#............####
................@..###
...............).)...##
#......#####....N.)...#
#......# ####......?#
#..(.!.# ##.#R#...#
#......# #.#.N...#
..... .......##
.......# .......##


You could see the friendly Wieske the knight (fast, reflecting), a nagaraja
(ally target) and a salamander mystic (fast, extremely poisoned).

Vanquished Creatures
  Mlioglotl (Swamp:2)
  A thorn hunter (Swamp:4)
  A shadow dragon (D:12)
  A storm dragon (D:12)
  Aizul (Snake:1)
  3 fenstrider witches
  A ghoul (Swamp:4)
  An orc warlord (Orc:2)
  4 eleionomae
  3 bunyips
  2 dire elephants (Swamp:1)
  An ettin (Orc:1)
  A yaktaur captain (D:12)
  A shambling mangrove (Swamp:4)
  2 salamander tyrants (Snake:4)
  3 hydras
  3 catoblepae
  4 anacondas
  4 centaur warriors
  5 boulder beetles
  Erica (D:11)
  10 alligators
  4 two-headed ogres
  5 tengu warriors
  4 death yaks (Lair:5)
  10 naga warriors
  4 shock serpents
  Urug (Orc:1)
  3 orc high priests (Orc:2)
  8 naga sharpshooters
  Sonja (D:13)
  2 spriggans
  A hell knight (D:15)
  2 skysharks (Lair:5)
  3 salamander mystics
  2 skeletal warriors
  2 sea snakes (Snake:1)
  2 spectral hydras (Swamp:4)
  3 goliath frogs
  A swamp dragon (Swamp:4)
  2 spriggan druids (Swamp:4)
  2 deep elf archers
  A bog body (Swamp:1)
  2 lindwurms
  2 naga ritualists (Snake:1)
  3 orc knights
  8 mana vipers
  A deep elf zephyrmancer (D:14)
  A deep elf pyromancer (D:13)
  3 harpies (D:13)
  An orc sorcerer (Orc:2)
  A necromancer (D:15)
  4 will-o-the-wisps
  7 salamanders
  A shining eye (shapeshifter) (D:12)
  3 cyclopes
  2 ugly things
  22 black mambas
  2 guardian serpents
  12 elephants
  3 gargoyles (D:12)
  2 ice statues (IceCv)
  10 naga magi
  2 torpor snails
  3 unseen horrors
  6 cane toads
  A rime drake (Lair:3)
  7 komodo dragons
  4 anaconda simulacra (IceCv)
  A freezing wraith (Swamp:4)
  A hydra zombie (Swamp:4)
  6 ice devils (IceCv)
  A tengu conjurer (D:14)
  8 meliai
  3 tyrant leeches
  3 polar bears
  9 trolls
  6 hornets
  13 blink frogs
  A death drake zombie (Swamp:4)
  A raiju (Swamp:1)
  2 hydra skeletons (Swamp:4)
  A dream sheep (Lair:2)
  Sigmund (D:4)
  62 yaks
  13 slime creatures
  A wyvern (D:8)
  3 wraiths
  A fire bat (Orc:2)
  6 basilisks
  3 vampire mosquitoes
  A steam dragon (Volcano)
  A harpy simulacrum (IceCv)
  2 wargs (Orc:1)
  30 nagas
  13 swamp worms
  2 hell hounds (Volcano)
  5 hydra simulacra
  7 swamp drakes
  9 water moccasins
  22 orc warriors
  A sky beast (D:7)
  An ice beast (D:5)
  3 black bears
  8 wolves
  11 centaurs
  4 ogres
  3 kobold brigands
  5 bullfrogs
  A gnoll sergeant (D:10)
  6 scorpions
  4 wights (D:7)
  13 killer bees
  2 electric eels
  5 hounds
  13 orc priests
  2 gnoll boudas
  6 jellies
  4 iguanas
  25 orc wizards
  A spriggan simulacrum (IceCv)
  A wolf simulacrum (IceCv)
  21 gnolls
  7 adders
  A naga simulacrum (IceCv)
  A shadow imp (D:8)
  10 white imps
  3 ufetubi
  A worm (D:3)
  2 dart slugs
  42 orcs
  8 ball pythons
  4 bats
  8 endoplasms
  5 giant cockroaches
  8 goblins
  5 hobgoblins
  5 jackals
  2 quokkas
  3 frilled lizards
  14 kobolds
  2 rats
739 creatures vanquished.

Vanquished Creatures (collateral kills)
  Vashnia (Snake:4)
  Jorgrun (Snake:1)
  A tentacled monstrosity (Swamp:3)
  2 nagarajas
  An orc warlord (Orc:1)
  A ghoul (Swamp:4)
  A reaper (IceCv)
  A bunyip (Swamp:1)
  2 shambling mangroves (Swamp:4)
  An ettin (D:15)
  A fire dragon (Volcano)
  5 hydras
  A salamander tyrant (Snake:4)
  3 alligators
  An anaconda (Snake:1)
  A deep troll earth mage (D:12)
  8 naga sharpshooters
  A tengu warrior (D:15)
  2 boulder beetles (D:12)
  An orc high priest (Orc:2)
  6 naga warriors
  2 death yaks (Lair:5)
  A deep troll shaman (Lair:5)
  A deep elf knight (Swamp:1)
  A salamander mystic (Snake:4)
  A skeletal warrior (D:12)
  A goliath frog (Swamp:1)
  2 spriggan druids
  2 naga ritualists
  2 swamp dragons (Swamp:4)
  2 orc knights
  A phantasmal warrior (Swamp:4)
  2 deep elf pyromancers
  2 lindwurms
  A spectral hydra (Swamp:4)
  3 oklob plants (Swamp:4)
  2 mana vipers
  2 ugly things (D:12)
  An arcanist (D:14)
  2 orc sorcerers (Orc:2)
  A cyclops (D:12)
  A manticore (D:12)
  9 salamanders
  5 elephants
  A will-o-the-wisp (Swamp:4)
  4 naga magi
  12 black mambas
  3 cane toads
  5 komodo dragons
  An anaconda simulacrum (IceCv)
  A rime drake (Lair:5)
  6 tyrant leeches
  A meliai (D:14)
  2 death drake zombies (Swamp:4)
  2 polar bears
  A tarantella (shapeshifter) (D:9)
  A death drake skeleton (Swamp:4)
  3 hornets
  A dream sheep (Lair:2)
  12 blink frogs
  5 slime creatures
  2 wyverns
  21 yaks
  2 fire bats (Orc:2)
  A steam dragon (Volcano)
  3 vampire mosquitoes
  A basilisk (D:13)
  A harpy simulacrum (IceCv)
  A warg (Orc:1)
  6 swamp worms
  A hydra simulacrum (Swamp:4)
  28 nagas
  An acid dragon (D:11)
  4 water moccasins
  2 swamp drakes (Swamp:4)
  12 orc warriors
  A sky beast (D:7)
  2 swamp dragon zombies (Swamp:4)
  An ice beast (D:6)
  A black bear (D:5)
  2 wolves
  An ogre (Orc:2)
  A swamp dragon skeleton (Swamp:4)
  6 centaurs
  2 bullfrogs
  2 scorpions (D:10)
  A wight (D:7)
  An elephant simulacrum (IceCv)
  4 killer bees
  An electric eel (Snake:1)
  10 orc priests
  A hound (D:7)
  A gnoll bouda (Lair:2)
  12 orc wizards
  4 gnolls
  An adder (D:5)
  4 white imps
  36 orcs
  A ball python (D:5)
  3 giant cockroaches
  A frilled lizard (D:5)
  5 kobolds
  A rat (D:5)
  2 butterflies (D:10)
344 creatures vanquished.

Vanquished Creatures (others)
  A bunyip (Swamp:3)
  2 naga sharpshooters (Snake:4)
  A spriggan druid (Swamp:4)
  A bloated husk (Swamp:4)
  2 nagas (Snake:4)
  31 knights
  11 ancestors
  A bat (D:2)
  20 foxfires
70 creatures vanquished.

Grand Total: 1153 creatures vanquished

Notes
Turn   | Place    | Note
-------+----------+-------------------------------------------
     0 | D:5      | Jannitor the Formicid Delver began the quest for the Orb.
     0 | D:5      | Reached XP level 1. HP: 18/18 MP: 1/1
     3 | D:4      | Noticed a jelly
    97 | D:2      | Reached XP level 2. HP: 22/24 MP: 2/2
   441 | D:1      | Reached XP level 3. HP: 25/29 MP: 3/3
  1123 | D:2      | Found a shadowy altar of Dithmenos.
  1617 | D:3      | Noticed a water moccasin
  1720 | D:3      | Reached XP level 4. HP: 27/37 MP: 4/4
  1933 | D:2      | Reached skill level 1 in Shields
  2168 | D:3      | Reached skill level 1 in Armour
  2183 | D:3      | Found a hazy altar of Hepliaklqana.
  2269 | D:3      | Became a worshipper of Hepliaklqana the Forgotten
  2393 | D:2      | Reached XP level 5. HP: 34/42 MP: 5/5
  2461 | D:3      | Found a burning altar of Makhleb.
  2462 | D:3      | Found a shimmering blue altar of Sif Muna.
  2729 | D:2      | Reached XP level 6. HP: 48/48 MP: 6/6
  3135 | D:4      | Reached XP level 7. HP: 35/55 MP: 7/7
  3220 | D:4      | Noticed Sigmund
  3246 | D:4      | Killed Sigmund
  3320 | D:4      | Reached skill level 5 in Fighting
  3347 | D:4      | Reached XP level 8. HP: 62/62 MP: 8/8
  3418 | D:4      | Found a glowing silver altar of Zin.
  3563 | D:4      | Reached * piety under Hepliaklqana
  4136 | D:5      | Found a bloodstained altar of Trog.
  4511 | D:5      | Reached skill level 5 in Shields
  4511 | D:5      | Reached XP level 9. HP: 56/62 MP: 9/9
  4666 | D:5      | Reached ** piety under Hepliaklqana
  4687 | D:5      | Reached skill level 5 in Polearms
  5541 | D:6      | Reached skill level 1 in Evocations
  5614 | D:6      | Reached skill level 5 in Armour
  5936 | D:7      | Reached skill level 5 in Dodging
  6266 | D:7      | Found a hide-covered altar of Uskayaw.
  6270 | D:7      | Learned a level 2 spell: Poisonous Vapours
  6292 | D:7      | Found the +5 robe of Misfortune {Harm *Corrode *Slow EV+5}
  6318 | D:7      | Reached *** piety under Hepliaklqana
  6470 | D:7      | Found a staircase to the Ecumenical Temple.
  6694 | D:7      | Reached skill level 1 in Poison Magic
  6694 | D:7      | Reached XP level 10. HP: 69/69 MP: 10/10
  7093 | D:8      | Reached skill level 1 in Spellcasting
  7736 | D:9      | Reached **** piety under Hepliaklqana
  7978 | D:9      | Reached skill level 5 in Poison Magic
  8236 | D:9      | Reached XP level 11. HP: 76/76 MP: 15/15
  8418 | D:9      | Remembered your ancestor Wieske as a knight
  8448 | D:9      | Found Xydyr's Antique Weapon Boutique.
  8471 | D:9      | Noticed a purple ugly thing
  8495 | D:9      | Killed a purple ugly thing
  8546 | D:10     | Entered Level 10 of the Dungeon
  8548 | D:10     | Found a staircase to the Lair.
  8772 | D:10     | Found a radiant altar of Vehumet.
  8774 | D:10     | Found a blossoming altar of Fedhas.
  8832 | D:10     | Found a sacrificial altar of Ru.
  8976 | D:10     | Found a runed translucent door.
  8978 | D:10     | Found a runed translucent door.
  9381 | D:11     | Noticed a boulder beetle
  9394 | D:11     | Killed a boulder beetle
  9508 | D:11     | Noticed a two-headed ogre
  9519 | D:11     | Killed a two-headed ogre
  9520 | D:11     | Reached XP level 12. HP: 77/84 MP: 2/18
  9900 | D:11     | Reached ***** piety under Hepliaklqana
  9910 | D:11     | Noticed Erica
  9920 | D:11     | Killed Erica
 10617 | D:12     | Learned a level 3 spell: Ignite Poison
 10753 | Lair:1   | Entered Level 1 of the Lair of Beasts
 10778 | D:10     | Reached skill level 5 in Spellcasting
 10955 | Lair:1   | Reached skill level 10 in Poison Magic
 11339 | Lair:1   | Reached skill level 1 in Transmutations
 11394 | Lair:1   | Reached skill level 1 in Fire Magic
 11424 | Lair:1   | Reached XP level 13. HP: 61/86 MP: 13/21
 11428 | Lair:1   | You fall into a shaft and drop 1 floor!
 11480 | Lair:2   | Reached skill level 1 in Air Magic
 12110 | Lair:2   | Found a staircase to the Swamp.
 12110 | Lair:2   | Noticed an eleionoma
 12118 | Lair:2   | Killed an eleionoma
 12670 | Lair:2   | Reached skill level 10 in Shields
 12833 | Lair:2   | Reached ****** piety under Hepliaklqana
 13573 | Lair:3   | Learned a level 6 spell: Eringya's Noxious Bog
 13823 | Lair:3   | Reached skill level 10 in Fighting
 14414 | Lair:3   | Reached XP level 14. HP: 99/99 MP: 23/23
 14424 | Lair:3   | Found a staircase to the Snake Pit.
 15041 | Lair:4   | Reached skill level 1 in Invocations
 15366 | Lair:4   | Found a viscous altar of Jiyva.
 15366 | Lair:4   | Found a staircase to the Slime Pits.
 16240 | D:12     | Reached skill level 5 in Transmutations
 16572 | D:12     | Found a staircase to the Orcish Mines.
 17041 | Orc:1    | Identified the of Buicod
 17041 | Orc:1    | Entered Level 1 of the Orcish Mines
 17085 | Orc:1    | Reached skill level 10 in Armour
 17161 | Orc:1    | Found a frozen archway.
 17171 | IceCv    | Entered an ice cave
 17517 | IceCv    | Identified a scroll of acquirement
 17518 | IceCv    | Acquired 823 gold pieces
 17548 | IceCv    | Gained mutation: You have sharp fingernails. [potion of
                  | mutation]
 17548 | IceCv    | Gained mutation: You are agile. (Dex +4, Str/Int -1)
                  | [potion of mutation]
 17548 | IceCv    | Gained mutation: You have sharp toenails. [potion of
                  | mutation]
 17772 | IceCv    | Noticed a reaper
 17775 | IceCv    | Killed a reaper
 17776 | IceCv    | Reached XP level 15. HP: 106/106 MP: 21/26
 18054 | Orc:1    | Found a transporter.
 18179 | Orc:1    | Noticed an orc warlord
 18186 | Orc:1    | Killed an orc warlord
 18248 | Orc:1    | Noticed Urug
 18262 | Orc:1    | Killed Urug
 18395 | Orc:1    | Found a transporter.
 18590 | Orc:2    | Entered Level 2 of the Orcish Mines
 18613 | Orc:2    | Found an iron altar of Okawaru.
 18631 | Orc:2    | Found a dark tunnel.
 18641 | Volcano  | Entered a volcano
 18738 | Volcano  | Reached skill level 10 in Polearms
 18907 | Orc:2    | Noticed an orc warlord
 18927 | Orc:2    | Killed an orc warlord
 19646 | Orc:2    | Found a staircase to the Elven Halls.
 19765 | Orc:2    | Found Doic's General Store.
 19766 | Orc:2    | Found Tiepohom's Book Shop.
 19768 | Orc:2    | Found Pyxap's Antique Armour Shop.
 19768 | Orc:2    | Found Nusonus's Antique Weapon Boutique.
 19773 | Orc:2    | Bought a potion of resistance for 140 gold pieces
 19785 | Orc:2    | Bought the +5 Lochaber axe {reach-cleave, Poleaxe Drain}
                  | for 991 gold pieces
 19785 | Orc:2    | Found the +5 Lochaber axe {reach-cleave, Poleaxe Drain}
 19855 | Orc:2    | Bought a Young Poisoner's Handbook for 300 gold pieces
 19860 | Orc:2    | Learned a level 4 spell: Olgreb's Toxic Radiance
 20085 | Lair:5   | Entered Level 5 of the Lair of Beasts
 20207 | Lair:5   | Reached skill level 5 in Invocations
 20243 | Lair:5   | Identified the +6 morningstar of the Brewing Gods {protect,
                  | rPois}
 20979 | Lair:5   | Reached XP level 16. HP: 99/114 MP: 28/28
 21025 | Lair:5   | Identified the +0 leather armour of Plog {rF+ Int+3}
 21909 | D:12     | Noticed a shadow dragon
 21914 | D:12     | Noticed a storm dragon
 21918 | D:12     | Killed a storm dragon
 22217 | D:12     | Killed a shadow dragon
 22631 | D:13     | Noticed Sonja
 22635 | D:13     | Killed Sonja
 23676 | D:14     | Reached skill level 10 in Dodging
 23917 | D:14     | Found a sparkling altar of Nemelex Xobeh.
 24097 | D:14     | Found a gate to the Vaults.
 24293 | D:15     | Entered Level 15 of the Dungeon
 24475 | D:15     | Reached XP level 17. HP: 94/119 MP: 23/30
 24502 | D:15     | Found a viscous altar of Jiyva.
 24605 | D:15     | Found a staircase to the Depths.
 25294 | Swamp:1  | Entered Level 1 of the Swamp
 26589 | Swamp:2  | Noticed Mlioglotl
 26596 | Swamp:2  | Killed Mlioglotl
 27066 | Swamp:3  | Noticed a tentacled monstrosity
 27083 | Swamp:3  | Killed a tentacled monstrosity
 27267 | Swamp:4  | Entered Level 4 of the Swamp
 28051 | Swamp:4  | Reached XP level 18. HP: 127/127 MP: 31/31
 28394 | Swamp:4  | Gained mutation: You are vulnerable to heat. (rF-)
                  | [mutagenic glow]
 28648 | Swamp:4  | Reached skill level 10 in Spellcasting
 28799 | Swamp:4  | Found a blossoming altar of Fedhas.
 28808 | Swamp:4  | Found a basalt altar of Yredelemnul.
 28821 | Swamp:4  | Got a decaying rune of Zot
 29215 | Snake:1  | Entered Level 1 of the Snake Pit
 29308 | Snake:1  | Noticed Jorgrun
 29318 | Snake:1  | Killed Jorgrun
 29555 | Snake:1  | Identified the serpent talisman "Yploteis" {rElec Int+5
                  | Dex-3}
 29555 | Snake:1  | Noticed Aizul
 29569 | Snake:1  | Killed Aizul
 30955 | Snake:2  | Reached skill level 15 in Poison Magic
 31006 | Snake:2  | Reached XP level 19. HP: 135/135 MP: 33/33
 31615 | Snake:2  | Reached skill level 10 in Transmutations
 32542 | Snake:3  | Found Voujocs's Antique Weapon Boutique.
 32546 | Snake:3  | Found Zaiskeu's Jewellery Shop.
 32546 | Snake:3  | Found Oqanaoze's Antique Armour Boutique.
 32549 | Snake:3  | Found Duygany's Assorted Antiques.
 32561 | Snake:3  | Bought a pair of runed gloves for 225 gold pieces
 32581 | Snake:3  | Bought a glowing cloak for 247 gold pieces
 33560 | Snake:4  | Entered Level 4 of the Snake Pit
 33567 | Snake:4  | Reached skill level 10 in Invocations
 33735 | Snake:4  | Noticed Vashnia
 33741 | Snake:4  | Reached skill level 15 in Shields
 33775 | Snake:4  | Killed Vashnia
 33889 | Snake:4  | Found a runed translucent door.
 33890 | Snake:4  | Noticed Lanyett's ghost (adept OpSh)
 34904 | Snake:4  | Killed from afar by a salamander mystic

Illustrated notes

Levels and vault maps discovered:
D:1:      dpeg_arrival_erosion, layout_basic
D:2:      layout_loops_cross, basic_altar
D:3:      layout_loops_cross, gammafunk_temple_overflow_statue,
          nicolae_hepliaklqana_hippocampus, kennysheep_doodads,
          nicolae_houndstooth_variations
D:4:      layout_basic, zin_statuary, uniq_sigmund
D:5:      minmay_recursive_quarters, layout_basic, trog_ov_bears_minmay,
          serial_aquarium, aquarium_bridge_square [aquarium_subvault_window,
          aquarium_subvault_wall, aquarium_subvault_wall,
          aquarium_subvault_bridge], aquarium_window_1, aquarium_window_3,
          aquarium_window_fake, aquarium_view_2c, aquarium_view_2c,
          aquarium_balcony_3b, mainiacjoe_sewer_entry_somewhere_in_here_1
D:6:      layout_cave_pods
D:7:      layout_basic, nicolae_overflow_hidden_temple, lemuel_temple_firewalk_b
D:8:      hellmonk_ruined_rings, layout_gridville
D:9:      minmay_flawed_box, layout_cave_pools, serial_shops, shop,
          minmay_three_doors
D:10:     lemuel_insect_pit, layout_long_grid,
          mainiacjoe_overflow_cross_hatched, jmf_multi_god_temple,
          lair_entry_dummy
D:11:     layout_stronghold, uniq_erica
D:12:     kennysheep_snake, layout_irregular_city, orc_0_dummy
D:13:     layout_loops_corners, argonaut_gorgonesque, uniq_sonja
D:14:     layout_rooms, david_vaults_1, nemelex_diamond_rough_becter
D:15:     hangedman_depths_entry_civil_slaughter, layout_basic, jiyva_altar_1
Lair:1:   layout_chaotic_city, chequers_serial_rivers_micro_a, st_stairs_12,
          small_statue_intersection
Lair:2:   layout_layer_cave, alex1729_swamp_entry_worm_eleionoma,
          dreamdust_gnoll_shepherd, serial_bayou_shore_b, serial_bayou_shore_b
Lair:3:   layout_regular_city, minmay_snake_entry_guardpost_medium,
          serial_bayou_shore_b
Lair:4:   layout_hall_layers, dpeg_slime_entry_enclosed,
          grunt_forest_small_clearings, st_stairs_9, grunt_megastairs_1,
          infiniplex_staircase_pool, serial_bayou_shore_b
Lair:5:   grunt_lair_end_beastmaster, layout_cave_pods,
          chequers_serial_rivers_micro_e, lemuel_fruit_tree
Swamp:1:  layout_basic_swamp, serial_swamp_ruin, evilmike_swamp_ruin_rubble_1,
          evilmike_swamp_ruin_rubble_2, swamp_pool_1_2, beargit_elvish_explorers
Swamp:2:  layout_basic_swamp, evilmike_swamp_ruin_house_2, swamp_pool_1_2,
          uniq_mlioglotl
Swamp:3:  layout_basic_swamp, evilmike_swamp_ruin_house_1
Swamp:4:  byrel_swamp_growth_death_and_undeath, layout_basic_swamp,
          swamp_pool_1_2, nicolae_swamp_dense_foliage
Snake:1:  layout_honeycomb, serial_bayou_shore_a, uniq_aizul, uniq_jorgrun
Snake:2:  layout_chambers
Snake:3:  layout_layer_cave, minmay_shoptagon
Snake:4:  minmay_snake_end_coiled, layout_onion, gammafunk_ghost_grave,
          uniq_vashnia
Orc:1:    layout_diamond_mine, gammafunk_ghost_abyssal_escape,
          portal_ice_cave_entry_imps, mines1_david, uniq_urug
Orc:2:    st_orc_congregation, layout_caves, nicolae_volcano_entry_batcave,
          okawaru_metal_pillars_1_2

Skill      XL: |  1  2  3  4  5  6  7  8  9 10 11 12 13 14 15 16 17 18 19 |
---------------+----------------------------------------------------------+-----
Dodging        | 2 3 4 5 6 7 8 9 10 11 | 11.3
Shields        | 1 2 3 5 6 7 8 9 10 11 12 13 14 15 | 15.5
Armour         | 1 2 3 4 5 6 7 8 9 10 11 12 13 | 13.0
Fighting       | 4 5 6 7 8 9 10 11 12 13 14 | 14.0
Polearms       | 3 4 5 6 7 8 9 10 11 12 | 12.6
Stealth        | 7 |  7.8
Evocations     | 2 |  2.3
Poison Magic   | 1 5 8 10 11 12 13 14 15 | 15.6
Spellcasting   | 2 4 5 6 7 8 9 10 11 | 11.0
Transmutations | 1 3 5 6 7 8 9 10 | 10.6
Fire Magic     | 1 2 4 |  4.7
Air Magic      | 1 |  1.7
Invocations    | 3 5 7 8 9 10 | 10.4

Action                     |  1- 3 |  4- 6 |  7- 9 | 10-12 | 13-15 | 16-18 | 19-21 || total
---------------------------+-------+-------+-------+-------+-------+-------+-------++-------
  Melee: Spear             |   115 |   156 |       |       |       |       |       ||   271
         Halberd           |       |    37 |   294 |   672 |   294 |       |       ||  1297
         Glaive            |       |       |       |       |   507 |       |       ||   507
         Lochaber axe      |       |       |       |       |    60 |   668 |   248 ||   976
   Cast: Poisonous Vapours |       |       |       |    34 |   187 |    19 |     1 ||   241
         Ignite Poison     |       |       |       |       |    24 |    29 |       ||    53
         Olgreb's Toxic Ra |       |       |       |       |    19 |    58 |     2 ||    79
         Eringya's Noxious |       |       |       |       |       |    10 |    11 ||    21
 Invoke: Recall Ancestor   |       |       |     2 |     1 |     4 |     8 |     1 ||    16
         Ancestor Identity |       |       |     1 |       |       |       |       ||     1
         Ancestor Life: Kn |       |       |       |     1 |       |       |       ||     1
         Idealise          |       |       |       |       |     2 |    12 |     3 ||    17
Ability: Dig               |       |       |     1 |     4 |     8 |     1 |       ||    14
         Shaft Self        |       |       |       |       |     1 |       |       ||     1
  Evoke: Wand              |       |       |     1 |     3 |       |    43 |     1 ||    48
    Use: Scroll            |     9 |     1 |     2 |     4 |     8 |     6 |       ||    30
         Potion            |       |     1 |     4 |     3 |     1 |     4 |     4 ||    17
   Stab: Sleeping          |    13 |     6 |    14 |    13 |    14 |    27 |     8 ||    95
         Distracted        |       |     1 |     1 |     8 |    15 |    16 |     6 ||    47
         Petrified         |       |       |       |       |     2 |       |       ||     2
         Petrifying        |       |       |       |       |     1 |       |       ||     1
 Armour: Leather armour    |    27 |       |       |       |       |       |       ||    27
         Troll leather arm |    10 |   107 |   127 |   216 |       |       |       ||   460
         Acid dragon scale |       |       |       |    99 |   288 |   339 |       ||   726
         Scale mail        |       |       |       |       |     4 |       |       ||     4
         Swamp dragon scal |       |       |       |       |       |   103 |   121 ||   224
  Dodge: Dodged            |    34 |   103 |   127 |   299 |   422 |   364 |    86 ||  1435
  Block: Buckler           |    18 |    61 |    83 |   102 |       |       |       ||   264
         Kite shield       |       |       |       |   131 |   393 |   442 |   105 ||  1071
         Reflection        |       |       |       |       |       |    30 |     8 ||    38
         Tower shield      |       |       |       |       |       |       |   124 ||   124

Table legend: (Time is in decaauts)
 A = Elapsed time spent in this place.
 B = Non-inter-level travel time spent in this place.
 C = Inter-level travel time spent in this place.
 D = Time resting spent in this place.
 E = Time spent auto-exploring this place.
 F = Levels seen in this place.
 G = Mean time per level.
                   A        B        C        D        E       F      G
               +--------+--------+--------+--------+--------+-----+--------+
         Total |  35991 |  33719 |   2272 |   3247 |  21439 |  32 | 1124.7 |
       Dungeon |  16057 |  14758 |   1299 |   1052 |   9937 |  15 | 1070.5 |
          Lair |   7054 |   6510 |    544 |    205 |   4840 |   5 | 1410.8 |
         Swamp |   3990 |   3816 |    174 |    826 |   1893 |   4 |  997.5 |
     Snake Pit |   5908 |   5732 |    176 |    687 |   3602 |   4 | 1477.0 |
  Orcish Mines |   2056 |   1978 |     78 |    240 |    969 |   2 | 1028.0 |
      Ice Cave |    729 |    729 |      0 |    236 |    143 |   1 |  729.0 |
       Volcano |    193 |    193 |      0 |      0 |     54 |   1 |  193.0 |
               +--------+--------+--------+--------+--------+-----+--------+

Top non-repeatable levels by time:
    D:12: 2278 daAuts
  Lair:2: 1868 daAuts
 Snake:3: 1574 daAuts
 Snake:2: 1573 daAuts
  Lair:3: 1558 daAuts
 Swamp:4: 1440 daAuts
 Snake:4: 1412 daAuts
 Snake:1: 1347 daAuts
     D:5: 1335 daAuts
  Lair:5: 1267 daAuts
    D:13: 1261 daAuts
    D:11: 1248 daAuts
  Lair:4: 1198 daAuts
   Orc:2: 1168 daAuts
  Lair:1: 1162 daAuts
